 Dungeon Crawl Stone Soup version 0.29-a0-91-gdebf4667c2 (webtiles) character file.

Game seed: 17901482513580515160

2412 cyrus the Spear-Bearer (level 9, 0/69 HPs)
             Began as a Merfolk Fighter on Feb 9, 2022.
             Was a Believer of Ru.
             Slain by a bullfrog (6 damage)
             ... on level 7 of the Dungeon.
             The game lasted 00:17:24 (7816 turns).

cyrus the Spear-Bearer (Merfolk Fighter)            Turns: 7816, Time: 00:17:24

Health: 0/69       AC:  8    Str: 21    XL:     9   Next: 47%
Magic:  9/9        EV: 11    Int:  7    God:    Ru [**....]
Gold:   279        SH:  5    Dex: 13    Spells: 8/8 levels left

rFire   + + .      SeeInvis .   j - +4 spear "Esueniad" {elec, rF+ Will+}
rCold   x . .      Faith    .   c - +0 buckler
rNeg    . . .      Spirit   .   b - +0 scale mail
rPois   .          Reflect  .   (no helmet)
rElec   .          Harm     .   (no cloak)
rCorr   .          Rampage  .   (no gloves)
Will    +....                   o - +0 pair of boots
Stlth   ..........              (no amulet)
HPRegen 0.21/turn               u - ring of fire
MPRegen 0.11/turn               (no ring)

@: marked, unable to read
A: inability to read while threatened, hated by all, (nimble swimmer 2), mertail
a: Renounce Religion


You were on level 7 of the Dungeon.
You worshipped Ru.
Ru was pleased with you.
You visited 1 branch of the dungeon, and saw 7 of its levels.

You collected 327 gold pieces.
You spent 48 gold pieces at shops.

Inventory:

Hand Weapons
 a - a +0 trident
 j - the +4 spear "Esueniad" (weapon) {elec, rF+ Will+}
   (You found it on level 2 of the Dungeon)

   It occasionally discharges a powerful burst of electricity upon striking a
   foe.
   rF:        It protects you from fire.
   Will:      It increases your willpower.
 w - a +0 glaive
Missiles
 r - 6 silver boomerangs (quivered)
Armour
 b - a +0 scale mail (worn)
 c - a +0 buckler (worn)
 o - a +0 pair of boots (worn)
 q - an orb of energy
Jewellery
 d - an amulet of magic regeneration
 k - a ring of see invisible
 u - a ring of fire (left hand)
Wands
 z - a wand of digging (3)
Scrolls
 e - 2 scrolls of amnesia
 g - a scroll of torment
 i - a scroll of teleportation {unknown}
 l - 2 scrolls of magic mapping {unknown}
 n - a scroll of enchant weapon {unknown}
 p - 2 scrolls of identify {unknown}
 t - a scroll of immolation {unknown}
Potions
 f - 2 potions of magic {unknown}
 h - 3 potions of lignification {unknown}
 m - 3 potions of curing {unknown}
 s - a potion of brilliance {unknown}
 v - 2 potions of attraction {unknown}
 x - a potion of resistance {unknown}


   Skills:
 + Level 6.3 Fighting
 + Level 10.5 Polearms
 + Level 5.3 Armour
 + Level 5.2 Dodging
 + Level 1.3 Stealth
 + Level 5.2 Shields
 + Level 0.1 Evocations


You had 8 spell levels left.
You didn't know any spells.
Your spell library contained the following spells:

 Spells                   Type           Power      Damage    Failure   Level
 Slow                     Hex            0%         N/A       83%         1
 Passwall                 Tmut/Erth      0%         N/A       93%         2
 Confusing Touch          Hex            0%         N/A       99%         3
 Vampiric Draining        Necr           0%         2d6       99%         3
 Spellforged Servitor     Conj/Summ      Unusable   N/A       N/A         7

Dungeon Overview and Level Annotations

Branches:
Dungeon (7/15)
 Temple: D:4-7

Altars:
Elyvilon
Makhleb
Qazlal
Ru
Sif Muna
Uskayaw
Xom
Yredelemnul

Shops:
D:3 (   D:6 **


Innate Abilities, Weirdness & Mutations

You sometimes lose the ability to read scrolls when taking damage.
You are hated by all.
((You are very nimble when in or above water. (Stealth+, EV+, Speed+++)))
Your lower body shifts to a powerful aquatic tail in water.


Message History

You focus your inner power and illuminate the orc in retribution!
The orc warrior closely misses you.
You redirect something's attack!
A puff of flame appears from out of thin air!
You block the puff of flame.
You puncture the orc!
You kill the orc!
The orc warrior hits you with a +0 hand axe!
You feel threatened and lose the ability to read scrolls!
* * * LOW HITPOINT WARNING * * *
Items here: $ ) [ †.
Aiming: Polymorph
Press: ? - help, Q - select action, (/) - cycle Shift-Dir - straight line, f - orc warrior
Aim: an orc warrior, wielding a +0 hand axe, wearing a +0 plate armour and quivering stones (will become a scorpion, a sky beast, or a bullfrog, chance to affect: 49%)
The orc warrior resists with some effort.
The now-empty wand crumbles to dust.
The orc warrior closely misses you. Something hits you but does no damage.
You closely miss something.
A bullfrog comes into view.
You block the orc warrior's attack.
An iguana comes into view.
Something hits you but does no damage.
Unknown command.
Aiming: Dig
Press: ? - help, Q - select action, (/) - cycle Shift-Dir - straight line, p - orc warrior You can't see that place.
The rock shatters into small pieces.
The orc hits you but does no damage.
The orc warrior hits you with a +0 hand axe!
* * * LOW HITPOINT WARNING * * *
Something hits you but does no damage.
A kobold comes into view. It is wielding a +0 short sword.
You redirect the orc's attack!
The orc hits the orc warrior but does no damage.
The bullfrog completely misses you.
You miss the bullfrog. You hit the bullfrog.
The bullfrog is lightly wounded.
The bullfrog hits you.
You die...

........# ##..##
.........###### #...#
.............[###K#....##
..:.....##..#..K..####..##
.....$...))l...##.........
........###o).............
...........o.<###.########
.......####F#..##.#
....... #@##..#.# .......
#.###...# ....... #.#
###.# ....... #.# ###
....... ### .......


You could see an orc warrior, a bullfrog, an iguana, an orc and a kobold.

Vanquished Creatures
  The ghost of Foxy the Stinger, a novice OpVM (D:5)
  Sigmund (D:4)
  A steam dragon (D:4)
  3 black bears
  An ice beast (D:5)
  2 necrophages (D:5)
  An ogre (D:5)
  A centaur (D:5)
  Blork the orc (D:6)
  A wyvern zombie (D:7)
  A hornet simulacrum (D:5)
  2 jellies
  A centaur zombie (D:5)
  A crimson imp (D:3)
  4 bullfrog zombies
  An orc priest (D:6)
  3 hounds
  3 iguanas
  3 scorpion zombies
  Natasha (D:2)
  3 orc wizards
  A bullfrog simulacrum (D:5)
  A centaur simulacrum (D:5)
  A hound zombie (D:3)
  A scorpion simulacrum (D:5)
  A hound skeleton (D:5)
  A killer bee simulacrum (D:5)
  A howler monkey zombie (D:6)
  Robin (D:2)
  A howler monkey skeleton (D:5)
  6 adders
  4 white imps
  2 ufetubi (D:5)
  An adder zombie (D:5)
  An adder skeleton (D:5)
  7 dart slugs
  15 orcs
  6 bats
  6 endoplasms
  3 giant cockroaches
  20 goblins
  12 hobgoblins
  11 jackals
  6 kobolds
  3 quokkas
  10 ball pythons
  A ball python zombie (D:3)
  2 frilled lizards (D:1)
  7 rats
168 creatures vanquished.

Vanquished Creatures (others)
  A plant (D:6)
1 creature vanquished.

Grand Total: 169 creatures vanquished

Notes
Turn   | Place    | Note
-------+----------+-------------------------------------------
     0 | D:1      | cyrus the Merfolk Fighter began the quest for the Orb.
     0 | D:1      | Reached XP level 1. HP: 18/18 MP: 1/1
   230 | D:1      | Found a faded altar of an unknown god.
   252 | D:1      | Reached XP level 2. HP: 24/24 MP: 2/2
   280 | D:1      | Prayed at the altar of an unknown god.
   280 | D:1      | Became a worshipper of Ru the Awakened
   615 | D:1      | Reached XP level 3. HP: 28/29 MP: 3/3
  1164 | D:2      | Noticed Robin
  1186 | D:2      | Killed Robin
  1413 | D:2      | Reached XP level 4. HP: 27/35 MP: 4/4
  1504 | D:2      | Reached skill level 4 in Polearms
  1504 | D:2      | Reached skill level 1 in Dodging
  2186 | D:2      | Identified the +4 spear "Esueniad" {elec, rF+ Will+}
  2442 | D:2      | Noticed Natasha
  2448 | D:2      | Killed Natasha
  2449 | D:2      | Reached XP level 5. HP: 42/42 MP: 5/5
  2893 | D:3      | Found Inwicit's Weapon Shop.
  2987 | D:3      | Reached skill level 5 in Polearms
  3100 | D:3      | Found a basalt altar of Yredelemnul.
  3101 | D:3      | Gained mutation: You sometimes lose the ability to read
                  | scrolls when taking damage. [Ru sacrifice]
  3101 | D:3      | Reached * piety under Ru
  3106 | D:3      | Reached XP level 6. HP: 41/48 MP: 6/6
  3317 | D:3      | Found a burning altar of Makhleb.
  3317 | D:3      | Found a shimmering altar of Xom.
  3366 | D:3      | You fall into a shaft and drop 1 floor!
  3412 | D:4      | Found a hide-covered altar of Uskayaw.
  3677 | D:4      | Noticed Sigmund
  3686 | D:4      | Killed Sigmund
  3687 | D:4      | Reached skill level 6 in Polearms
  3687 | D:4      | Reached XP level 7. HP: 44/54 MP: 7/7
  4104 | D:4      | Found the +1 cloak of Starlight {*Dazzle EV+4 Stlth--}
  4414 | D:4      | Noticed a steam dragon
  4423 | D:4      | Killed a steam dragon
  4424 | D:4      | Reached skill level 7 in Polearms
  4650 | D:5      | Entered Level 5 of the Dungeon
  4721 | D:5      | Reached skill level 1 in Stealth
  4757 | D:5      | Reached XP level 8. HP: 36/61 MP: 8/8
  4771 | D:5      | Reached skill level 5 in Fighting
  4771 | D:5      | Reached skill level 8 in Polearms
  5353 | D:5      | Noticed Foxy's ghost (novice OpVM)
  5480 | D:5      | Found a runed translucent gate.
  5480 | D:5      | Found a runed translucent gate.
  5480 | D:5      | Found a runed translucent gate.
  5892 | D:5      | Gained mutation: You are hated by all. [Ru sacrifice]
  5892 | D:5      | Reached ** piety under Ru
  6126 | D:5      | Reached skill level 9 in Polearms
  6381 | D:5      | Killed Foxy's ghost
  6382 | D:5      | Reached skill level 5 in Armour
  6382 | D:5      | Reached skill level 5 in Shields
  6382 | D:5      | Reached XP level 9. HP: 30/69 MP: 9/9
  6678 | D:6      | Got the Volume of Shifting Confrontation
  6699 | D:6      | Found Nidafuk's General Store.
  6745 | D:6      | Found a stormy altar of Qazlal.
  6921 | D:6      | Reached skill level 5 in Dodging
  6981 | D:6      | Noticed Blork the orc
  6987 | D:6      | Killed Blork the orc
  6988 | D:6      | Reached skill level 10 in Polearms
  7086 | D:6      | Found a shimmering blue altar of Sif Muna.
  7161 | D:6      | Found Foxkez's Assorted Antiques.
  7168 | D:6      | Bought a viscous ruby potion for 24 gold pieces
  7168 | D:6      | Bought an orange potion for 24 gold pieces
  7298 | D:6      | Found a white marble altar of Elyvilon.
  7780 | D:7      | Noticed Joseph
  7798 | D:7      | Noticed Joseph
  7798 | D:7      | Joseph changed into Joseph the black bear
  7798 | D:7      | Identified the +6 long sword of Defiance {vamp, Will- rCorr
                  | Int+3}
  7803 | D:7      | Killed Joseph the black bear
  7816 | D:7      | Slain by a bullfrog

Illustrated notes

Levels and vault maps discovered:
D:1:      heliophobic_arrival_enchanted_forest, layout_basic,
          ebering_ecumenical_altar_ruins, glass_columns_a
D:2:      layout_loops_ring, uniq_robin, uniq_natasha
D:3:      layout_loops_cross, grunt_temple_overflow_champion_of_chaos,
          nicolae_yredelemnul_corpse_copse, serial_shops, nicolae_shop_trees,
          minmay_fractal_squares_diagonal_5
D:4:      layout_loops_corners, mainiacjoe_overflow_alcove_4, uniq_sigmund
D:5:      layout_cave_pods, gammafunk_ghost_icy, wad_rectangle_vault
D:6:      layout_loops_ring, mainiacjoe_overflow_alcove_2, grunt_qazlal_clouds,
          elyvilon_altar_1, serial_shops, shop, nicolae_shop_hallway_plus,
          nicolae_elevator_lobby_plus, uniq_blork_the_orc
D:7:      statuecave_lemuel, layout_rooms, minmay_temple_entry_butterflies,
          uniq_joseph

Skill      XL: |  1  2  3  4  5  6  7  8  9 |
---------------+----------------------------+-----
Polearms       | 4 5 6 7 9 10 | 10.5
Dodging        | 1 2 3 4 5 |  5.2
Armour         | 3 4 5 |  5.3
Shields        | 4 5 |  5.2
Fighting       | 4 6 |  6.3
Stealth        | 1 |  1.3
Evocations     | |  0.1

Action                   |  1- 3 |  4- 6 |  7- 9 || total
-------------------------+-------+-------+-------++-------
Melee: Trident           |   106 |    51 |       ||   157
       Spear             |       |   119 |   276 ||   395
Invok: Sacrifice Words   |       |     1 |       ||     1
       Sacrifice Love    |       |       |     1 ||     1
Evoke: Wand              |       |       |     8 ||     8
  Use: Potion            |     1 |     2 |       ||     3
       Scroll            |       |       |     2 ||     2
 Stab: Distracted        |       |       |     1 ||     1
       Invisible         |       |       |     1 ||     1
Armor: Scale mail        |    53 |   106 |   108 ||   267
Dodge: Dodged            |    45 |   110 |   140 ||   295
Block: Buckler           |    27 |    53 |    52 ||   132

Table legend: (Time is in decaauts)
 A = Elapsed time spent in this place.
 B = Non-inter-level travel time spent in this place.
 C = Inter-level travel time spent in this place.
 D = Time resting spent in this place.
 E = Time spent auto-exploring this place.
 F = Levels seen in this place.
 G = Mean time per level.
                   A        B        C        D        E       F      G
               +--------+--------+--------+--------+--------+-----+--------+
         Total |   7750 |   7706 |     44 |   1632 |   4389 |   7 | 1107.1 |
       Dungeon |   7750 |   7706 |     44 |   1632 |   4389 |   7 | 1107.1 |
               +--------+--------+--------+--------+--------+-----+--------+

Top non-repeatable levels by time:
     D:5: 1975 daAuts
     D:2: 1451 daAuts
     D:4: 1271 daAuts
     D:1: 1175 daAuts
     D:6: 994 daAuts
     D:3: 755 daAuts
     D:7: 126 daAuts
